 Dungeon Crawl Stone Soup version 0.28.0 (webtiles) character file.

Game seed: 16310700485371368355

30 rebuscarnival the Skirmisher (level 3, -4/33 HPs)
             Began as a Hill Orc Fighter on Feb 13, 2022.
             Slain by an orc wizard (5 damage)
             ... on level 2 of the Dungeon.
             The game lasted 00:08:04 (581 turns).

rebuscarnival the Skirmisher (Hill Orc Fighter)      Turns: 581, Time: 00:08:05

Health: -4/33      AC:  8    Str: 20    XL:     3   Next: 20%
Magic:  3/3        EV:  9    Int:  8    God:
Gold:   27         SH:  4    Dex: 10    Spells: 2/2 levels left

rFire   . . .      SeeInvis .   a - +0 trident
rCold   . . .      Faith    .   c - +0 buckler
rNeg    . . .      Spirit   .   b - +0 scale mail
rPois   .          Reflect  .   f - +0 helmet
rElec   .          Harm     .   (no cloak)
rCorr   .          Rampage  .   (no gloves)
Will    .....                   (no boots)
Stlth   ..........              (no amulet)
HPRegen 0.11/turn               (no ring)
MPRegen 0.08/turn               (no ring)

@: no status effects
A: no striking features
a: no special abilities


You were on level 2 of the Dungeon.
You visited 1 branch of the dungeon, and saw 2 of its levels.

You collected 27 gold pieces.

Inventory:

Hand Weapons
 a - a +0 trident (weapon)
 g - a +0 dagger
 i - a +0 falchion
Missiles
 j - 20 sling bullets
 m - 9 arrows
Armour
 b - a +0 scale mail (worn)
 c - a +0 buckler (worn)
 f - a +0 helmet (worn)
Scrolls
 h - a scroll of blinking {unknown}
 l - 3 scrolls of fear {unknown}
Potions
 d - a potion of might
 e - a potion of cancellation {unknown}
 k - a potion of curing {unknown}


   Skills:
 + Level 4.1 Fighting
 + Level 2.5 Polearms
 + Level 3.7 Armour
 + Level 0.2 Dodging
 + Level 3.6 Shields


You had 2 spell levels left.
You didn't know any spells.
Your spell library contained the following spells:

 Spells                   Type           Power      Damage    Failure   Level
 Pain                     Necr           0%         1d4       85%         1
 Agony                    Necr           0%         N/A       100%        5
 Excruciating Wounds      Necr           0%         N/A       100%        5


Dungeon Overview and Level Annotations

Branches:
Dungeon (2/15)

Altars:


Message History

Deactivating autopickup; reactivate with Ctrl-A.
You closely miss something. Something hits you.
You see here 13 gold pieces.
You closely miss something. Something hits you but does no damage.
You hit the orc.
The orc is almost dead.
Something hits you but does no damage. The orc hits you but does no damage.
Something hits you.
You hit the orc but do no damage.
The orc is almost dead.
The orc barely misses you. Something hits you but does no damage.
The orc hits you with a +0 flail.
You hit the orc but do no damage.
The orc is almost dead.
Something hits you but does no damage. The orc hits you with a +0 flail.
You hit the orc but do no damage.
The orc is almost dead.
Something hits you but does no damage. The orc hits you with a +0 flail.
You barely miss the orc.
The orc is almost dead.
Something hits you but does no damage. The orc hits you but does no damage.
Something hits you but does no damage.
You barely miss the orc.
The orc is almost dead.
The orc barely misses you. Something hits you but does no damage.
You block the orc's attack.
You closely miss the orc.
The orc is almost dead.
You block something's attack. The orc hits you with a +0 flail.
You miss something. Something hits you. The orc hits you with a +0 flail.
* * * LOW HITPOINT WARNING * * *
You hit the orc but do no damage.
The orc is almost dead.
Something hits you but does no damage. The orc barely misses you.
You hit the orc but do no damage.
The orc is almost dead.
Something hits you but does no damage. The orc hits you with a +0 flail.
* * * LOW HITPOINT WARNING * * *
Something hits you.
You die...

.......
.......##
........#
........#
........#
........#
........#
........o.#
#........)@#
#.........†#
#g########.#
#.# #)#
#.#####.# #.#
#.......# #.#
#..########.#
#.....g....<#
#.###########


You could see an orc.

Vanquished Creatures
  A gnoll (D:1)
  An orc (D:2)
  A ball python (D:2)
  A bat (D:1)
  2 endoplasms (D:1)
  A giant cockroach (D:1)
  A goblin (D:2)
  2 hobgoblins (D:1)
  A jackal (D:1)
  2 quokkas
  A kobold (D:2)
  3 rats
17 creatures vanquished.

Notes
Turn   | Place    | Note
-------+----------+-------------------------------------------
     0 | D:1      | rebuscarnival the Hill Orc Fighter began the quest for the
                  | Orb.
     0 | D:1      | Reached XP level 1. HP: 19/19 MP: 1/1
   161 | D:1      | Reached XP level 2. HP: 20/27 MP: 2/2
   285 | D:1      | Reached skill level 4 in Fighting
   466 | D:2      | Reached XP level 3. HP: 33/33 MP: 3/3
   581 | D:2      | HP: 1/33 [orc (6)]
   581 | D:2      | Slain by an orc wizard

Illustrated notes

Levels and vault maps discovered:
D:1:      ebering_trefoil_twist, layout_basic,
          shapermc_ecumenical_altar_notcrosses
D:2:      layout_basic

Skill      XL: |  1  2 |
---------------+-------+-----
Fighting       | 4 |  4.1
Polearms       | |  2.5
Armour         | |  3.7
Dodging        | |  0.2
Shields        | |  3.6

Action                   || total
-------------------------++-------
Melee: Trident           ||    62
Armor: Scale mail        ||    35
Dodge: Dodged            ||    25
Block: Buckler           ||    12
